 Dungeon Crawl Stone Soup version 0.30-a0-218-gedb9141078 (webtiles) character file.

Game seed: 4142096325218033595

14 LnG the Caller (level 2, -1/15 HPs)
             Began as a Kobold Summoner on Oct 6, 2022.
             Slain by Jessica
             ... wielding a +0 dagger
              (7 damage)
             ... on level 2 of the Dungeon.
             The game lasted 00:02:17 (709 turns).

LnG the Caller (Kobold Summoner)                     Turns: 709, Time: 00:02:17

Health: -1/15      AC:  2    Str:  5    XL:     2   Next: 60%
Magic:  3/5        EV: 15    Int: 16    God:
Gold:   23         SH:  0    Dex: 15    Spells: 2/5 levels left

rFire   . . .      SeeInvis .    d - +0 dagger
rCold   . . .      Faith    .    (no shield)
rNeg    . . .      Spirit   .    a - +0 robe
rPois   .          Reflect  .    (no helmet)
rElec   .          Harm     .    (no cloak)
rCorr   .          Rampage  .    (no gloves)
Will    .....                    (no boots)
Stlth   +++.......               (no amulet)
HPRegen 0.22/turn                (no ring)
MPRegen 0.09/turn                (no ring)

@: no status effects
A: small, no large weapons, nightstalker 3
a: no special abilities


You were on level 2 of the Dungeon.
You visited 1 branch of the dungeon, and saw 2 of its levels.

You collected 23 gold pieces.

Inventory:

Hand Weapons
 d - a +0 dagger (weapon)
Armour
 a - a +0 robe (worn)
Scrolls
 e - a scroll of enchant armour {unknown}
 g - a scroll of identify {unknown}
 h - a scroll of blinking {unknown}
 i - a scroll of teleportation {unknown}
 j - a scroll of amnesia {unknown}
Potions
 b - a potion of magic
 c - 4 potions of attraction {unknown}
 f - a potion of brilliance {unknown}


   Skills:
 + Level 2.5 Dodging
 + Level 3.1 Stealth
 + Level 2.3 Spellcasting
 + Level 4.3 Summonings


You had 2 spell levels left.
You knew the following spells:

 Your Spells              Type           Power      Damage    Failure   Level
a - Summon Small Mammal   Summ           60%        N/A       3%          1
b - Call Imp              Summ           15%        N/A       4%          2

Your spell library contained the following spells:

 Spells                   Type           Power      Damage    Failure   Level
 Call Canine Familiar     Summ           15%        N/A       10%         3
 Summon Guardian Golem    Hex/Summ       8%         N/A       24%         3
 Summon Lightning Spire   Summ/Air       8%         N/A       63%         4
 Animate Dead             Necr           1%         N/A       90%         4
 Borgnjor's Vile Clutch   Necr/Erth      0%         N/A       99%         5
 Death Channel            Necr           0%         N/A       100%        6


Dungeon Overview and Level Annotations

Branches:
Dungeon (2/15)

Altars:
Gozag

Shops:
D:2 [

Annotations:
D:2 Jessica, Sigmund


Innate Abilities, Weirdness & Mutations

You are small and have problems with some larger weapons.
You are completely attuned to the shadows.


Message History

Sigmund points at you and mumbles some strange words.
The puff of flame misses you.
You see here a +0 leather armour.
Sigmund hits you from afar with a +0 scythe.
Your crimson imp closely misses Sigmund.
Your crimson imp hits Sigmund but does no damage.
Sigmund casts a spell.
Sigmund flickers and vanishes!
You hear some strange, mumbled words.
Your crimson imp easily resists.
Your magical contamination has completely faded away.
A puff of flame appears from out of thin air!
The puff of flame hits you.
There is a stone staircase leading up here.
You climb upwards.
Your summoned ally is left behind.
Reactivating autopickup.
There is a stone staircase leading down here.
You see here 5 poisoned darts.
HP restored.
Magic restored.
There is a stone staircase leading down here.
You climb downwards.
Level annotation: Sigmund
There is a stone staircase leading up here.
j - a scroll labelled LER EW ECYIRADD
Found a stone staircase leading down.
Found an opulent altar of Gozag.
You now have 23 gold pieces (gained 4).
You see here an orb of mayhem.
Jessica the Apprentice Sorceress comes into view.
She is wielding a +0 dagger.
Jessica is nearby!
Jessica completely misses you.
You barely miss Jessica. Jessica hits you with a +0 dagger.
You hit Jessica but do no damage. Jessica hits you with a +0 dagger.
Casting: Call Imp (safe; 4% risk of failure)
Confirm with . or Enter, or press ? or * to list all spells.
A beastly little devil appears in a puff of flame.
Jessica hits you with a +0 dagger.
You barely miss Jessica. Jessica hits you with a +0 dagger!
You die...

.#....# ......#
#......# #...5@.#
.....@# ......#
#...#####
###.....## .#####
#......# #.....#
##[....#
#.###.####.._..##
#.#.....##......#
#.#.....##......#
.#


You could see Jessica (ally target) and a friendly crimson imp (summoned).

Vanquished Creatures
  A worm (D:2)
  An endoplasm (D:1)
  A giant cockroach (D:1)
  A hobgoblin (D:1)
  A bat (D:1)
  A rat (D:2)
6 creatures vanquished.

Vanquished Creatures (collateral kills)
  A dart slug (D:1)
  A bat (D:2)
  A quokka (D:1)
3 creatures vanquished.

Grand Total: 9 creatures vanquished

Notes
Turn   | Place    | Note
-------+----------+-------------------------------------------
     0 | D:1      | LnG the Kobold Summoner began the quest for the Orb.
     0 | D:1      | Reached XP level 1. HP: 10/10 MP: 3/3
   157 | D:1      | Reached XP level 2. HP: 15/15 MP: 5/5
   162 | D:1      | Learned a level 2 spell: Call Imp
   495 | D:2      | Found Yriema's Armour Shop.
   522 | D:2      | Noticed Sigmund
   689 | D:2      | Found an opulent altar of Gozag.
   703 | D:2      | Noticed Jessica
   709 | D:2      | Slain by Jessica

Illustrated notes

Levels and vault maps discovered:
D:1:      lightli_arrival_lavapool, layout_basic
D:2:      layout_basic, serial_shops, shop, nicolae_diamond_shop, shop_statue,
          nicolae_shop_behind_doors, basic_altar, chequers_jeans, uniq_jessica,
          uniq_sigmund, uniq_crazy_yiuf_cottage

Skill      XL: |  1  2 |
---------------+-------+-----
Stealth        | 3 |  3.1
Dodging        | |  2.5
Spellcasting   | |  2.3
Summonings     | |  4.3

Action                   || total
-------------------------++-------
Melee: Dagger            ||    21
 Cast: Summon Small Mamm ||     6
       Call Imp          ||     3
 Stab: Sleeping          ||     6
Armor: Robe              ||     2
Dodge: Dodged            ||    18

Table legend: (Time is in decaauts)
 A = Elapsed time spent in this place.
 B = Non-inter-level travel time spent in this place.
 C = Inter-level travel time spent in this place.
 D = Time resting spent in this place.
 E = Time spent auto-exploring this place.
 F = Levels seen in this place.
 G = Mean time per level.
                   A        B        C        D        E       F      G
               +--------+--------+--------+--------+--------+-----+--------+
         Total |    708 |    644 |     64 |     12 |    417 |   2 |  354.0 |
       Dungeon |    708 |    644 |     64 |     12 |    417 |   2 |  354.0 |
               +--------+--------+--------+--------+--------+-----+--------+

Top non-repeatable levels by time:
     D:1: 532 daAuts
     D:2: 176 daAuts
